 Dungeon Sprint DCSS version 0.30-a0-393-g54b8e3be05 (webtiles) character file.

Game seed: 2477547946229999608

2921 Darkkill the Carver (level 9, -32/83 (89) HPs)
             Began as a Minotaur Berserker on Dec 5, 2022.
             Was a High Priest of Trog.
             Killed from afar by a vampire mage (34 damage)
             ... with a bolt of negative energy
             ... in the Dungeon (Sprint VII: "The Pits").
             The game lasted 00:04:25 (2184 turns).

Darkkill the Carver (Minotaur Berserker)            Turns: 2184, Time: 00:04:25

HP:   -32/83 (89)   AC: 23    Str: 27    XL:     9   Next: 50%
MP:   15/16         EV:  9    Int:  7    God:    Trog [*****.]
Gold: 0             SH:  0    Dex: 14    Spells: 18/18 levels left

rFire   . . .      SeeInvis .    o - +2 war axe of Dawn {drain, rC+++ Str+2 Int+3 Stlth-}
rCold   + + +      Faith    .    (no shield)
rNeg    . . .      Spirit   .    r - +3 plate armour
rPois   .          Reflect  .    (helmet restricted)
rElec   .          Harm     .    p - +0 cloak
rCorr   .          Rampage  .    (no gloves)
Will    .....      NoTele   +    q - +0 pair of boots
Stlth   ..........               (no amulet)
HPRegen 0.33/turn                i - +3 ring of dexterity
MPRegen 0.15/turn                n - +3 ring of protection

@: drained
A: horns 2, retaliatory headbutt
a: Renounce Religion, Berserk, Trog's Hand, Brothers in Arms


You were in the Dungeon.
You worshipped Trog.
Trog was extremely pleased with you.
You visited 1 branch

Inventory:

Hand Weapons
 o - the +2 war axe of Dawn (weapon) {drain, rC+++ Str+2 Int+3 Stlth-}
   (You found it in the Dungeon)

   A truly terrible weapon, it drains the life of any living foe it strikes.
   Str:       It affects your strength (+2).
   Int:       It affects your intelligence (+3).
   rC:        It renders you almost immune to cold.
   Stlth:     It makes you less stealthy.
Missiles
 j - 10 stones (quivered)
Armour
 p - a +0 cloak (worn)
 q - a +0 pair of boots (worn)
 r - a +3 plate armour (worn)
Jewellery
 i - a +3 ring of dexterity (left hand)
 n - a +3 ring of protection (right hand)
Scrolls
 h - a scroll of blinking
 k - a scroll of summoning
Potions
 a - 2 potions of invisibility
 c - 6 potions of curing {@q1}
 d - 7 potions of heal wounds
 e - 2 potions of haste
 f - 4 potions of magic
 g - 3 potions of berserk rage
 m - a potion of might


   Skills:
 + Level 11.1 Fighting
 + Level 8.7(10.8) Short Blades
 + Level 11.2(12.6) Long Blades
 + Level 9.5 Staves
 + Level 8.0 Throwing
 + Level 10.8 Armour
 - Level 4.4 Dodging
 + Level 5.4 Spellcasting


You had 18 spell levels left.
You didn't know any spells.
Your spell library was empty.

Dungeon Overview and Level Annotations

Branches:
Dungeon (1/1)

Altars:
Ashenzari
Cheibriados
Dithmenos
Elyvilon
Fedhas
Gozag
Hepliaklqana
Kikubaaqudgha
Makhleb
Nemelex Xobeh
Okawaru
Qazlal
Ru
Sif Muna
Trog
Uskayaw
Vehumet
Wu Jian
Xom
Yredelemnul
Zin
The Shining One
Jiyva
Lugonu


Innate Abilities, Weirdness & Mutations

You have a pair of horns on your head.
You reflexively headbutt those who attack you in melee.


Message History

Something hits your iron troll.
Something barely misses your iron troll.
The wolf bites your iron troll.
You see here a +2 rapier of flaming.
You swap places. 2 wolves come into view.
The wolf howls!
The wolf closely misses you.
A two-headed ogre comes into view.
It is wielding a +0 dire flail and a +0 giant spiked club.
Something hits you but does no damage. Something bites you.
Something draws strength from your injuries!
There is a large open door here.
You closely miss the wolf.
The two-headed ogre shouts in stereo!
Your headbutt misses the wolf. You hit something.
The wolf bites you but does no damage. The wolf bites you.
Something hits you but does no damage. Something bites you!
Something draws strength from your injuries!
The wolf bites you but does no damage.
You miss the wolf. You hit something.
The wolf pauses to sniff the ground.
The wolf bites you but does no damage. The wolf barely misses you.
A necrophage comes into view.
Something hits you. Something bites you but does no damage.
The wolf barely misses you. The wolf bites you but does no damage.
Something hits you but does no damage. Something bites you.
Something draws strength from your injuries!
The wolf barely misses you. You furiously retaliate!
You headbutt the wolf. You hit the wolf. You drain the wolf.
You headbutt the wolf, but do no damage.
The wolf is almost dead.
You barely miss something. You hit the wolf. You drain the wolf.
Your iron troll disappears in a puff of smoke!
The wolf closely misses you.
The wolf bites you but does no damage. x2
Something hits you but does no damage. Something bites you but does no damage.
The wolf bites you but does no damage. The wolf closely misses you.
You slash the wolf!
You kill the wolf!
Trog accepts your kill.
You barely miss the wolf. You hit something. The wolf barely misses you.
You furiously retaliate!
You headbutt the wolf! Something hits you but does no damage.
Something bites you.
Something draws strength from your injuries!
The wolf closely misses you. You furiously retaliate!
You headbutt the wolf!
You kill the wolf!
Trog accepts your kill. Something hits you but does no damage.
Something bites you but does no damage.
Trog does not appreciate your training of magic skills! x2
You feel a little guilty.
Your Fighting skill increases to level 11!
You hit the necrophage.
The necrophage is lightly damaged.
You hit something.
The necrophage hits you but does no damage.
Something hits you but does no damage. Something bites you.
Something draws strength from your injuries!
You hit the necrophage.
The necrophage is moderately damaged.
You barely miss something.
The necrophage hits you but does no damage.
You hear some strange, mumbled words.
A bolt of negative energy appears from out of thin air!
The bolt of negative energy hits you!!
You feel drained.
The two-headed ogre hits you with a +0 dire flail!
The two-headed ogre barely misses you.
You hear some strange, mumbled words.
The necrophage closely misses you.
You slash the necrophage!
The necrophage is severely damaged.
You barely miss the two-headed ogre. You closely miss something.
Something hits you but does no damage. Something bites you.
* * * LOW HITPOINT WARNING * * *
Something draws strength from your injuries!
The necrophage barely misses you. You furiously retaliate!
You headbutt the necrophage!
You destroy the necrophage!
Trog accepts your kill.
The two-headed ogre hits you with a +0 dire flail.
* * * LOW HITPOINT WARNING * * *
The two-headed ogre barely misses you.
Trog does not appreciate your training of magic skills!
Your Throwing skill increases to level 8!
You slash the quokka zombie!
You destroy the quokka zombie!
The quokka zombie disappears in a puff of smoke!
You slash the two-headed ogre! You drain the two-headed ogre.
You barely miss something. Something hits you.
* * * LOW HITPOINT WARNING * * *
Something bites you.
* * * LOW HITPOINT WARNING * * *
Something draws strength from your injuries!
The flying skull hits you but does no damage.
The two-headed ogre hits you with a +0 dire flail!
* * * LOW HITPOINT WARNING * * *
The two-headed ogre hits you with a +0 giant spiked club.
* * * LOW HITPOINT WARNING * * *
You hear some strange, mumbled words.
A bolt of negative energy appears from out of thin air!
The bolt of negative energy hits you!!
You feel drained.
You die...

#......#..#......#
#................+
'................+
#......#..#......#
#................#
####'#####''######
#.......##''########
#.......##......'O.+
#.......##.....)@zz+
#...<...##.....##{h#
#.......##...###
...# #.......##..##
..... #.......##++#
..#...# #########
......+ #########
..#...# ...#!.).#
.... ## ...#!![.#


You could see a two-headed ogre (drained), a wolf, a flying skull (summoned) and
a wight (summoned).

Vanquished Creatures
  A fire bat (D)
  A water moccasin (D)
  A floating eye (D)
  An ice beast (D)
  2 wolves (D)
  Blork the orc (D)
  A necrophage (D)
  A scorpion (D)
  An orc priest (D)
  An iguana (D)
  4 orc wizards (D)
  2 adders (D)
  A river rat (D)
  A white imp (D)
  An ufetubus (D)
  An adder skeleton (D)
  3 orcs (D)
  An endoplasm (D)
  2 goblins (D)
  A hobgoblin (D)
  A jackal (D)
  A bat (D)
  A kobold (D)
31 creatures vanquished.

Vanquished Creatures (collateral kills)
  A death yak (D)
  A bog body (D)
  A smoke demon (D)
  A guardian mummy (D)
  A redback (D)
  3 wolves (D)
  A giant cockroach (D)
9 creatures vanquished.

Grand Total: 40 creatures vanquished

Notes
Turn   | Place    | Note
-------+----------+-------------------------------------------
     0 | D        | Darkkill the Minotaur Berserker began the quest for the
                  | Orb.
     0 | D        | Reached XP level 1. HP: 19/19 MP: 0/0
    19 | D        | Found a bloodstained altar of Trog.
    19 | D        | Found a shimmering blue altar of Sif Muna.
    19 | D        | Found a viscous altar of Jiyva.
    19 | D        | Found a hazy altar of Hepliaklqana.
    19 | D        | Found an opulent altar of Gozag.
    46 | D        | Found a glowing golden altar of the Shining One.
    46 | D        | Found a glowing silver altar of Zin.
    46 | D        | Found a basalt altar of Yredelemnul.
    46 | D        | Found a shimmering altar of Xom.
    46 | D        | Found an ornate altar of the Wu Jian Council.
    46 | D        | Found a sacrificial altar of Ru.
    46 | D        | Found a stormy altar of Qazlal.
    46 | D        | Found an iron altar of Okawaru.
    46 | D        | Found a sparkling altar of Nemelex Xobeh.
    46 | D        | Found a burning altar of Makhleb.
    46 | D        | Found a blossoming altar of Fedhas.
    46 | D        | Found a white marble altar of Elyvilon.
    46 | D        | Found a shadowy altar of Dithmenos.
    46 | D        | Found a snail-covered altar of Cheibriados.
    48 | D        | Found a radiant altar of Vehumet.
    48 | D        | Found a corrupted altar of Lugonu.
    49 | D        | Found a hide-covered altar of Uskayaw.
    49 | D        | Found an ancient bone altar of Kikubaaqudgha.
    49 | D        | Found a broken altar of Ashenzari.
    78 | D        | Reached XP level 2. HP: 28/28 MP: 1/1
    78 | D        | Reached ** piety under Trog
  1654 | D        | Reached skill level 5 in Long Blades
  1656 | D        | Reached skill level 5 in Fighting
  1656 | D        | Reached *** piety under Trog
  1665 | D        | Reached XP level 3. HP: 23/36 MP: 2/2
  1733 | D        | Noticed a scorpion
  1734 | D        | Noticed a fire bat
  1741 | D        | Killed a fire bat
  1742 | D        | Reached skill level 1 in Spellcasting
  1742 | D        | Reached XP level 4. HP: 45/45 MP: 2/5
  1742 | D        | Reached XP level 5. HP: 51/51 MP: 2/6
  1749 | D        | Reached XP level 6. HP: 60/60 MP: 2/8
  1755 | D        | Reached **** piety under Trog
  1760 | D        | HP: 12/60 [something (1)]
  1768 | D        | Reached ***** piety under Trog
  1788 | D        | Received a gift from Trog
  1795 | D        | Reached skill level 5 in Staves
  1861 | D        | Noticed a water moccasin
  1863 | D        | Killed a water moccasin
  1864 | D        | Reached skill level 5 in Short Blades
  1940 | D        | Noticed an ice beast
  1942 | D        | Killed an ice beast
  1943 | D        | Reached XP level 7. HP: 69/69 MP: 10/10
  1945 | D        | Noticed Blork the orc
  1946 | D        | Paralysed by a floating eye for 2 turns
  1952 | D        | Reached skill level 5 in Throwing
  1955 | D        | Killed Blork the orc
  2020 | D        | Noticed a death yak
  2020 | D        | Noticed a guardian mummy
  2026 | D        | Killed a death yak
  2027 | D        | Reached XP level 8. HP: 78/78 MP: 11/13
  2027 | D        | Killed a guardian mummy
  2028 | D        | Reached skill level 10 in Long Blades
  2055 | D        | Got the +2 war axe of Dawn {drain, rC+++ Str+2 Int+3
                  | Stlth-}
  2148 | D        | Noticed a bog body
  2148 | D        | Noticed a smoke demon
  2154 | D        | Killed a bog body
  2155 | D        | Reached skill level 10 in Fighting
  2155 | D        | Reached skill level 10 in Armour
  2155 | D        | Reached XP level 9. HP: 71/86 MP: 13/15
  2156 | D        | Killed a smoke demon
  2157 | D        | Reached skill level 5 in Spellcasting
  2166 | D        | Noticed a vampire mage
  2170 | D        | Received a gift from Trog
  2176 | D        | Noticed a two-headed ogre
  2184 | D        | HP: 16/88 [something (2)]
  2184 | D        | HP: 3/88 [two-headed ogre/+0 dire flail (11)]
  2184 | D        | Killed from afar by a vampire mage

Illustrated notes

Levels and vault maps discovered:
D:        pitsprint [storerooms_1, entrance_room_1, metal_vault_4, armoury_3,
          mini_pit_1, grid_room_1, main_hall_1, silver_pit, the_coven_3,
          the_vestibule_1, steel_vault_3, golden_pit, hallway_of_sentries,
          crystal_vault_1, iron_vault_4, final_vault]

Skill      XL: |  1  2  3  4  5  6  7  8  9 |
---------------+----------------------------+-----
Fighting       | 4 5 6 7 8 9 10 11 | 11.1
Long Blades    | 4 5 6 7 8 9 10 11 | 11.2
Armour         | 3 4 6 7 9 10 | 10.8
Dodging        | 3 4 |  4.4
Short Blades   | 3 5 6 7 8 |  8.7
Staves         | 3 4 5 7 8 9 |  9.5
Throwing       | 2 3 4 6 7 8 |  8.0
Spellcasting   | 1 2 3 4 5 |  5.4

Action                   |  1- 3 |  4- 6 |  7- 9 || total
-------------------------+-------+-------+-------++-------
Melee: Quarterstaff      |    20 |    45 |       ||    65
       Falchion          |     2 |       |       ||     2
       Headbutt          |     3 |     5 |     2 ||    10
       Lajatang          |       |     4 |    10 ||    14
       War axe           |       |       |     8 ||     8
Invok: Berserk           |     3 |       |       ||     3
       Brothers in Arms  |       |       |     2 ||     2
  Use: Potion            |       |     3 |       ||     3
Armor: Animal skin       |     3 |       |       ||     3
       Scale mail        |     2 |    30 |     1 ||    33
       Plate armour      |       |       |    23 ||    23
Dodge: Dodged            |    10 |    13 |    15 ||    38

Table legend: (Time is in decaauts)
 A = Elapsed time spent in this place.
 B = Non-inter-level travel time spent in this place.
 C = Inter-level travel time spent in this place.
 D = Time resting spent in this place.
 E = Time spent auto-exploring this place.
 F = Levels seen in this place.
 G = Mean time per level.
                   A        B        C        D        E       F      G
               +--------+--------+--------+--------+--------+-----+--------+
         Total |   2223 |   2157 |     66 |   1743 |      0 |   1 | 2223.0 |
       Dungeon |   2223 |   2157 |     66 |   1743 |      0 |   1 | 2223.0 |
               +--------+--------+--------+--------+--------+-----+--------+

Top non-repeatable levels by time:
       D: 2223 daAuts

Table legend:
 A = Kills in this place as a percentage of kills in entire the game.
 B = Kills by you in this place as a percentage of kills by you in the entire game.
 C = Kills by friends in this place as a percentage of kills by friends in the entire game.
 D = Other kills in this place as a percentage of other kills in the entire game.
 E = Experience gained in this place as a percentage of experience gained in the entire game.
 F = Experience gained in this place divided by the number of levels of this place that you have seen.
                   A       B       C       D       E      F
               +-------+-------+-------+-------+-------+----------------------
         Total | 100.0 | 100.0 | 100.0 |   N/A | 100.0 | 4173.0
       Dungeon | 100.0 | 100.0 | 100.0 |   N/A | 100.0 | 4173.0
               +-------+-------+-------+-------+-------+----------------------
